 Dungeon Crawl Stone Soup version 0.29-a0-330-g52719c12eb (webtiles) character file.

Game seed: 3061147871309788127

588 dohliylev the Ruffian (level 7, -2/66 HPs)
             Began as a Troll Warper on May 11, 2022.
             Slain by a yak (11 damage)
             ... on level 5 of the Dungeon.
             The game lasted 00:09:36 (4199 turns).

dohliylev the Ruffian (Troll Warper)                Turns: 4199, Time: 00:09:37

Health: -2/66      AC:  4    Str: 22    XL:     7   Next: 15%
Magic:  4/9        EV: 14    Int:  9    God:
Gold:   226        SH:  0    Dex:  9    Spells: 8/10 levels left

rFire   . . .      SeeInvis .     - Unarmed
rCold   . . .      Faith    .   (no shield)
rNeg    . . .      Spirit   .   a - +0 robe
rPois   +          Reflect  .   (helmet restricted)
rElec   .          Harm     .   (no cloak)
rCorr   .          Rampage  .   (gloves unavailable)
Will    .....                   (boots unavailable)
Stlth   +.........              x - amulet of regeneration
HPRegen 1.81/turn               e - ring of poison resistance
MPRegen 0.11/turn               t - +4 ring of evasion

@: on blink cooldown
A: large, unfitting armour, claws 3, regeneration 1, shaggy fur 1, tough skin 1
a: no special abilities


You were on level 5 of the Dungeon.
You visited 1 branch of the dungeon, and saw 5 of its levels.

You collected 226 gold pieces.

Inventory:

Missiles
 c - 4 boomerangs (quivered)
 o - a javelin
Armour
 a - a +0 robe (worn)
Jewellery
 e - a ring of poison resistance (left claw)
 n - a ring of ice
 t - a +4 ring of evasion (right claw)
 x - an amulet of regeneration (around neck)
Wands
 s - a wand of polymorph (4)
Scrolls
 b - 4 scrolls of blinking
 d - 2 scrolls of teleportation {unknown}
 f - a scroll of fear {unknown}
 g - 3 scrolls of identify {unknown}
 h - a scroll of fog {unknown}
 l - 3 scrolls of noise {unknown}
 q - a scroll of amnesia {unknown}
 u - a scroll of torment {unknown}
 v - a scroll of immolation {unknown}
Potions
 i - a potion of magic {unknown}
 j - a potion of mutation {unknown}
 k - 3 potions of curing {unknown}
 m - 2 potions of heal wounds {unknown}
 p - a potion of haste {unknown}
 r - a potion of degeneration {unknown}
 w - 2 potions of might {unknown}
 z - a potion of invisibility {unknown}


   Skills:
 + Level 2.5 Fighting
 + Level 2.5 Throwing
 + Level 3.4 Dodging
 + Level 4.7 Unarmed Combat
 + Level 2.1 Spellcasting
 + Level 2.7 Translocations


You had 8 spell levels left.
You knew the following spells:

 Your Spells              Type           Power      Damage    Failure   Level
a - Blink                 Tloc           10%        N/A       16%         2

Your spell library contained the following spells:

 Spells                   Type           Power      Damage    Failure   Level
 Apportation              Tloc           10%        N/A       11%         1
 Gell's Gravitas          Tloc           5%         N/A       32%         3
 Lesser Beckoning         Tloc           5%         N/A       32%         3
 Teleport Other           Tloc           5%         N/A       32%         3
 Scorch                   Fire           0%         2d5       45%         2
 Sublimation of Blood     Necr           0%         N/A       45%         2
 Wereblood                Tmut           0%         N/A       45%         2
 Summon Guardian Golem    Hex/Summ       0%         N/A       69%         3
 Manifold Assault         Tloc           5%         N/A       96%         5
 Flame Wave               Conj/Fire      0%         2d4       97%         4
 Leda's Liquefaction      Hex/Erth       0%         N/A       97%         4
 Summon Forest            Summ/Tloc      1%         N/A       99%         5
 Alistair's Intoxication  Tmut/Pois      0%         N/A       100%        5
 Lee's Rapid Deconstruct  Erth           0%         3d5*      100%        5
 Summon Mana Viper        Hex/Summ       0%         N/A       100%        5
 Statue Form              Tmut/Erth      0%         N/A       100%        6
 Summon Cactus Giant      Summ           0%         N/A       100%        6
 Orb of Destruction       Conj           0%         9d5       100%        7
 Spellforged Servitor     Conj/Summ      0%         N/A       100%        7
 Summon Hydra             Summ           0%         N/A       100%        7


Dungeon Overview and Level Annotations

Branches:
Dungeon (5/15)
 Temple: D:4-7

Altars:
Cheibriados
Kikubaaqudgha


Innate Abilities, Weirdness & Mutations

You are too large for most types of armour.
You have claws for hands.
Your natural rate of healing is unusually fast.
You are covered in fur. (AC +1)
You have tough skin. (AC +1)


Message History

The yak attacks as you move away! The yak misses you.
A yak comes into view.
The yak attacks as you move away! The yak misses you.
The yak attacks as you move away! The yak barely misses you.
Casting: Blink (safe; 16% risk of failure)
Confirm with . or Enter, or press ? or * to list all spells.
You miscast Blink.
You are very lightly contaminated with residual magic.
Nothing appears to happen.
The yak bellows!
The yak gores you!
Casting: Blink (safe; 16% risk of failure)
Confirm with . or Enter, or press ? or * to list all spells.
You blink.
The yak gores you! The yak closely misses you. The yak gores you!
The yak attacks as you move away! The yak gores you but does no damage.
The yak attacks as you move away! The yak gores you.
The yak attacks as you move away! The yak gores you!
The yak attacks as you move away! The yak barely misses you.
The yak attacks as you move away! The yak closely misses you.
The yak attacks as you move away! The yak gores you.
Your magical contamination has completely faded away.
The yak attacks as you move away! The yak gores you but does no damage.
The yak attacks as you move away! The yak gores you!
* * * LOW HITPOINT WARNING * * *
You feel stable enough to blink again. The yak closely misses you.
The yak attacks as you move away! The yak gores you!
* * * LOW HITPOINT WARNING * * *
The yak attacks as you move away! The yak completely misses you.
The yak attacks as you move away! The yak completely misses you.
Found a scroll labelled ZAX RYVIEGONO.
The yak attacks as you move away! The yak barely misses you.
The yak attacks as you move away! The yak gores you!
* * * LOW HITPOINT WARNING * * *
The yak attacks as you move away! The yak gores you!
* * * LOW HITPOINT WARNING * * *
Casting: Blink (safe; 16% risk of failure)
Confirm with . or Enter, or press ? or * to list all spells.
You blink.
The yak gores you!
You die...

###.##.####... # #.##.# #.
###.##.# ..#.##.# # #.#.##.#
.# #.#....# .# #
#.#....#.#########.###.#
#.#....#...§YYYY.......#
#......#########@.......
###.##....######Y#......
#.........+............?
#.####....######.#####.. ..#
#....# #.# . ###
#....######.##### #
#..Y.##[.......)########
######....##Y...............#
#....#....Y.................#


You could see 5 yaks.

Vanquished Creatures
  A water moccasin (D:4)
  An ogre (D:4)
  A phantom (D:4)
  A necrophage (D:5)
  An orc priest (D:4)
  2 orc wizards
  An iguana (D:4)
  A gnoll (D:2)
  4 adders
  An ufetubus (D:4)
  3 dart slugs
  18 orcs
  7 ball pythons
  7 endoplasms
  2 giant cockroaches (D:1)
  7 goblins
  6 hobgoblins
  A jackal (D:2)
  4 quokkas
  11 bats
  3 frilled lizards
  6 kobolds
  3 rats
92 creatures vanquished.

Notes
Turn   | Place    | Note
-------+----------+-------------------------------------------
     0 | D:1      | dohliylev the Troll Warper began the quest for the Orb.
     0 | D:1      | Reached XP level 1. HP: 19/19 MP: 1/1
   245 | D:1      | Reached XP level 2. HP: 27/27 MP: 3/3
  1078 | D:2      | Reached XP level 3. HP: 31/35 MP: 4/4
  1101 | D:2      | Learned a level 2 spell: Blink
  1377 | D:2      | Found an ancient bone altar of Kikubaaqudgha.
  1928 | D:3      | Reached XP level 4. HP: 42/42 MP: 5/5
  1960 | D:3      | Reached skill level 3 in Unarmed Combat
  2096 | D:3      | Found a faded altar of an unknown god.
  2539 | D:4      | Noticed a phantom
  2558 | D:4      | Killed a phantom
  2559 | D:4      | Reached skill level 1 in Throwing
  2559 | D:4      | Reached XP level 5. HP: 48/49 MP: 4/6
  2754 | D:4      | Noticed an ogre
  2757 | D:4      | Reached skill level 4 in Unarmed Combat
  2757 | D:4      | Found an ancient bone altar of Kikubaaqudgha.
  2829 | D:4      | Killed an ogre
  2830 | D:4      | Reached XP level 6. HP: 58/58 MP: 3/7
  3205 | D:4      | Found a snail-covered altar of Cheibriados.
  3303 | D:4      | Noticed a water moccasin
  3320 | D:4      | Killed a water moccasin
  3710 | D:5      | Entered Level 5 of the Dungeon
  3751 | D:5      | Reached XP level 7. HP: 66/66 MP: 9/9
  4146 | D:5      | Noticed a yak
  4149 | D:5      | Noticed a yak
  4159 | D:5      | Noticed a yak
  4159 | D:5      | Noticed a yak
  4165 | D:5      | Noticed a yak
  4199 | D:5      | Slain by a yak

Illustrated notes

Levels and vault maps discovered:
D:1:      dpeg_arrival_lava_temple_mockup, layout_loops_corners
D:2:      kb_forest_paths, layout_rooms, basic_altar
D:3:      layout_loops_corners, shapermc_ecumenical_altar_starsandcircs
D:4:      layout_basic, kiku_gazebo_pond_becter, lemuel_doored_altar
D:5:      layout_basic

Skill      XL: |  1  2  3  4  5  6 |
---------------+-------------------+-----
Dodging        | 2 3 |  3.4
Fighting       | 2 |  2.5
Unarmed Combat | 3 4 |  4.7
Throwing       | 1 2 |  2.5
Spellcasting   | 2 |  2.1
Translocations | |  2.7

Action                   |  1- 3 |  4- 6 |  7- 9 || total
-------------------------+-------+-------+-------++-------
Melee: Unarmed           |   121 |   118 |     7 ||   246
       Punch             |     6 |     2 |       ||     8
Throw: Boomerang         |       |    33 |    16 ||    49
       Javelin           |       |     7 |       ||     7
 Cast: Blink             |     2 |     7 |     4 ||    13
 Stab: Sleeping          |     1 |       |       ||     1
Armor: Robe              |    61 |    33 |     5 ||    99
Dodge: Dodged            |    84 |    94 |    13 ||   191

Table legend: (Time is in decaauts)
 A = Elapsed time spent in this place.
 B = Non-inter-level travel time spent in this place.
 C = Inter-level travel time spent in this place.
 D = Time resting spent in this place.
 E = Time spent auto-exploring this place.
 F = Levels seen in this place.
 G = Mean time per level.
                   A        B        C        D        E       F      G
               +--------+--------+--------+--------+--------+-----+--------+
         Total |   4197 |   4079 |    118 |    153 |   3144 |   5 |  839.4 |
       Dungeon |   4197 |   4079 |    118 |    153 |   3144 |   5 |  839.4 |
               +--------+--------+--------+--------+--------+-----+--------+

Top non-repeatable levels by time:
     D:4: 1179 daAuts
     D:1: 1023 daAuts
     D:3: 898 daAuts
     D:2: 605 daAuts
     D:5: 490 daAuts
